 Dungeon Crawl Stone Soup version 0.12.2-12-gd1dd697 (webtiles) character file.

2481 Neuromancer the Basher (level 9, -5/80 HPs)
             Began as an Ogre Arcane Marksman on July 17, 2013.
             Was a Priest of Okawaru.
             Slain by an ogre
             ... wielding a +0,+0 giant spiked club
              (9 damage)
             ... on Level 6 of the Dungeon.
             The game lasted 00:30:47 (10028 turns).

Neuromancer the Basher (Ogre Arcane Marksman)      Turns: 10028, Time: 00:30:47

HP  -5/80        AC  4     Str 18      XL: 9   Next: 32%
MP  14/14        EV 10     Int 15      God: Okawaru [***...]
Gold 316         SH  0     Dex 10      Spells:  1 memorised, 11 levels left

Res.Fire  : + . .   See Invis. : .   q - +0 giant spiked club
Res.Cold  : . . .   Warding    : .   n - +0 robe (curse)
Life Prot.: . . .   Conserve   : .   (shield restricted)
Res.Poison: .       Res.Corr.  : .   (helmet restricted)
Res.Elec. : .       Clarity    : .   w - +0 dwarf cloak
Sust.Abil.: . .     Spirit.Shd : .   (gloves unavailable)
Res.Mut.  : .       Stasis     : .   (boots unavailable)
Res.Rott. : .       Ctrl.Telep.: .   v - amulet of faith
Saprovore : + . .   Flight     : .   (no ring)
                                     i - ring of protection from fire

@: about to teleport, somewhat resistant to hostile enchantments, unstealthy
A: unfitting armour, fast metabolism 1, saprovore 1, tough skin 1, Dex +1
a: Heroism, Renounce Religion


You were on level 6 of the Dungeon.
You worshipped Okawaru.
Okawaru was greatly pleased with you.
You were hungry.

You visited 3 branches of the dungeon, and saw 8 of its levels.

You collected 266 gold pieces.

Inventory:

Hand weapons
 b - the +5,+0 trident of the Fulmar {slay drac, Dex+3 SInv}
   (You took it off an orc on level 5 of the Dungeon)

   This legendary weapon is deadly to all dragonkind.
   It also provides some protection from the breath attacks of dragons and other
   creatures.
   It affects your dexterity (+3).
   It enhances your eyesight.
 o - a +2,+2 whip of reaching
 q - a +0,+0 giant spiked club (weapon)
Missiles
 m - 3 large rocks (quivered)
Armour
 n - a cursed +0 robe (worn)
 w - a +0 dwarven cloak (worn)
Magical devices
 s - a wand of slowing (12)
Comestibles
 f - 4 meat rations
 h - 5 bread rations
Scrolls
 a - 2 scrolls of magic mapping
 k - 3 scrolls of remove curse
 l - 3 scrolls of identify
 t - a scroll of fog
Jewellery
 i - a ring of protection from fire (left hand)
 r - an uncursed amulet of warding
 v - an amulet of faith (around neck)
Potions
 p - 2 potions of cure mutation
 u - 4 potions of curing
 C - a potion of agility
Books
 d - a book of Debilitation

   Spells                             Type                      Level
   *Corona                            Hexes                        1
   Slow                               Hexes                        2
   Inner Flame                        Hexes/Fire                   3
   Enslavement                        Hexes                        4
   Cause Fear                         Hexes                        4
   Leda's Liquefaction                Hexes/Earth                  4


   Skills:
 - Level 2.8 Fighting
 + Level 13.8 Maces & Flails
 - Level 2.1 Throwing
 - Level 1.7 Dodging
 - Level 2.4 Spellcasting
 - Level 2.1 Hexes


You had 11 spell levels left.
You knew the following spells:

 Your Spells              Type           Power        Failure   Level  Hunger
a - Corona                Hex            ##......     12%         1    #......


Dungeon Overview and Level Annotations

Branches:
Dungeon (6/27)             Temple (1/1) D:4             Orc (1/4) D:6

Altars:
Ashenzari
Cheibriados
Elyvilon
Fedhas
Kikubaaqudgha
Makhleb
Nemelex Xobeh
Okawaru
Sif Muna
Trog
Vehumet
Xom
Yredelemnul
Zin
the Shining One


Innate Abilities, Weirdness & Mutations

You are too large for most types of armour.
You have a fast metabolism.
You can tolerate rotten meat.
You have tough skin (AC +1).
You are agile (Dex +1).


Message History

You impale the orc!!
You kill the orc!
Okawaru accepts your kill.
The ogre hits you with a giant spiked club!
You barely miss the ogre. You hit the ogre.
The ogre is lightly wounded.
The ogre hits you with a giant spiked club!
You hit the ogre.
The ogre is lightly wounded.
The ogre hits you with a giant spiked club!
* * * LOW HITPOINT WARNING * * *
As you read the scroll of fear, it crumbles to dust.
You assume a fearsome visage.
The ogre looks frightened!
The orc looks frightened!
The ogre turns to fight!
You are feeling hungry.
As you read the scroll of teleportation, it crumbles to dust.
You feel strangely unstable.
The ogre hits you with a giant spiked club!
You die...

#.#.#....#.#.####..........# #.#
##.#'#....#.................###.#
#.........#...####..).......'...#
#.......#.#.#.##..<..#)#....#####
#.......#......#.#...............
##+#'####.#.##.#.#..##.#....#####
.#.#.# #.#....(.#...............
.#.#.####.#.##.#.##[##.#.........
.#.#........##.#@##.##.#..)####)#
.'....>........(O......'..()()...
.#.###.##.#....#.##..#.#)..####.#
.#.# #.##.#.####.#...#.')[[......
##'###.##.#..####)....####.####.#
........#.####...)o8.....#.# #.#
........#.#..#...........#.# #.#
..........#.#.....[!.......# #.#
######.####..)8....>....8..# #.#


You could see an ogre.

Vanquished Creatures
  3 ice beasts
  The ghost of Neuromancer the Cudgeler, an average OgAM (D:3)
  2 phantoms (D:6)
  2 orc warriors (D:6)
  A hippogriff skeleton (D:4)
  3 ogres
  A centaur (D:6)
  2 giant frogs (D:6)
  A centaur skeleton (D:5)
  3 wights (D:5)
  A crimson imp (D:6)
  A hound (D:6)
  2 orc priests
  A big kobold skeleton (D:6)
  An iguana (D:6)
  3 orc wizards
  4 worker ants
  A scorpion (D:5)
  Ijyb (D:4)
  Jessica (D:3)
  A jelly (D:6)
  Terence (D:2)
  4 adders
  6 gnolls
  5 worms
  2 giant mites
  A bat skeleton (D:6)
  A giant eyeball (D:6)
  3 giant geckos
  An ooze (D:1)
  41 orcs
  2 ball pythons (D:3)
  9 giant cockroaches
  11 hobgoblins
  18 jackals
  13 kobolds
  17 bats
  7 giant newts
  8 goblins
  An orc zombie (D:5)
  11 rats
  3 rat skeletons
201 creatures vanquished.

Vanquished Creatures (collateral kills)
  A bat (D:3)
1 creature vanquished.

Vanquished Creatures (others)
  3 orcs
  A hobgoblin (D:1)
  A quokka (D:6)
  A giant newt (D:6)
  A goblin (D:1)
  A rat (D:1)
8 creatures vanquished.

Grand Total: 210 creatures vanquished

Notes
Turn   | Place    | Note
--------------------------------------------------------------
     0 | D:1      | Neuromancer, the Ogre Arcane Marksman, began the quest for the Orb.
     0 | D:1      | Reached XP level 1. HP: 19/19 MP: 1/1
   178 | D:1      | Reached XP level 2. HP: 7/27 MP: 3/3
   372 | D:1      | Reached skill level 1 in Maces & Flails
  1143 | D:1      | Reached XP level 3. HP: 31/35 MP: 4/4
  1627 | D:2      | Reached skill level 3 in Maces & Flails
  1741 | D:2      | Reached skill level 4 in Maces & Flails
  1741 | D:2      | Reached XP level 4. HP: 10/42 MP: 1/6
  1961 | D:2      | Noticed Terence
  1970 | D:2      | Killed Terence
  2801 | D:3      | Noticed Neuromancer's ghost (average OgAM)
  2812 | D:3      | Killed Neuromancer's ghost
  2812 | D:3      | Reached skill level 6 in Maces & Flails
  2812 | D:3      | Reached XP level 5. HP: 49/49 MP: 2/8
  3286 | D:3      | Noticed Jessica
  3292 | D:3      | Killed Jessica
  3292 | D:3      | Reached XP level 6. HP: 55/58 MP: 7/9
  3459 | D:3      | Found a glowing silver altar of Zin.
  3541 | D:3      | Reached skill level 7 in Maces & Flails
  4074 | D:4      | HP: 2/58 [poisoned by a worker ant]
  4357 | D:4      | Found a snail-covered altar of Cheibriados.
  4551 | D:4      | Reached skill level 8 in Maces & Flails
  4726 | D:4      | Found a staircase to the Ecumenical Temple.
  4736 | Temple   | Entered the Ecumenical Temple
  4856 | Temple   | Became a worshipper of Warmaster Okawaru
  4924 | D:4      | Reached skill level 9 in Maces & Flails
  4924 | D:4      | Reached XP level 7. HP: 51/65 MP: 9/11
  4991 | D:4      | Found a white marble altar of Elyvilon.
  4997 | D:4      | Noticed Ijyb
  5006 | D:4      | Killed Ijyb
  5320 | D:5      | Entered Level 5 of the Dungeon
  5371 | D:5      | Acquired Okawaru's first power
  5621 | D:5      | Reached skill level 10 in Maces & Flails
  5927 | D:4      | HP: 2/65 [wight/scimitar (13)]
  6539 | D:5      | Reached skill level 11 in Maces & Flails
  6539 | D:5      | Reached XP level 8. HP: 68/72 MP: 12/12
  6874 | D:5      | Got a transparent trident
  6875 | D:5      | Identified the cursed trident of the Fulmar {slay drac, Dex+3 SInv} (You took it off an orc on level 5 of the Dungeon)
  7142 | D:6      | Gained mutation: You are agile (Dex +1). [potion of mutation]
  7142 | D:6      | Gained mutation: Your muscles are strong (Str +1). [potion of mutation]
  7142 | D:6      | Lost mutation: Your muscles are strong (Str +1). [potion of mutation]
  7718 | D:6      | Reached skill level 12 in Maces & Flails
  7780 | D:6      | Found a staircase to the Orcish Mines.
  8145 | D:6      | Paralysed by a giant eyeball for 4 turns
  8408 | D:6      | Reached XP level 9. HP: 27/80 MP: 14/14
  8704 | D:6      | Reached skill level 13 in Maces & Flails
  8790 | Orc:1    | Entered Level 1 of the Orcish Mines
 10023 | D:6      | HP: 3/80 [ogre/giant spiked club (26)]
 10028 | D:6      | Slain by an ogre

Action                   |  1- 3 |  4- 6 |  7- 9 || total
-------------------------+-------+-------+-------++-------
Melee: Unarmed           |    22 |       |       ||    22
       Club              |    39 |       |       ||    39
       Whip              |    57 |   259 |       ||   316
       Giant spiked club |       |       |   341 ||   341
Throw: Large rock        |    18 |    16 |    20 ||    54
       Throwing net      |     3 |       |     2 ||     5
 Cast: Corona            |     5 |    10 |    15 ||    30
Invok: Heroism           |       |       |     2 ||     2
Evoke: Wand              |       |     1 |       ||     1
  Use: Scroll            |     6 |     6 |    11 ||    23
       Potion            |     2 |     6 |     1 ||     9
 Stab: Held in net/web   |     2 |       |       ||     2
       Sleeping          |       |     2 |       ||     2
       Distracted        |       |       |     1 ||     1
